[Event "22nd Rochefort Festival Masters 2024"]
[Site "Rochefort"]
[Date "2024.02.20"]
[Round "5.2"]
[White "Eugene, Floryan"]
[Black "Sivuk, Vitaly"]
[Result "0-1"]
[ECO "C54"]
[WhiteElo "2398"]
[BlackElo "2502"]
[Annotator "TA"]
[PlyCount "96"]
[EventDate "2024.02.18"]
[EventType "swiss"]
[EventCountry "FRA"]
[SourceTitle "playchess.com"]
[Source "ChessBase"]
[SourceQuality "1"]
[TimeControl "40/5400+30:1800+30"]

1. e4 e5 2. Nf3 Nc6 3. Bc4 Nf6 4. d3 Bc5 5. O-O d6 6. c3 a5 7. Re1 Ba7 8. Nbd2 O-O 9. h3 Be6 10. Bb5 Ne7 11. d4 Ng6 12. Ba4 Nh5 13. Nf1 Nhf4 14. Ng3 exd4 15. Nxd4 Bxd4 16. Qxd4 Nxg2 17. Kxg2 (17. Nh5 $5 Ne5 $8 18. Kxg2 $11) 17... Nh4+ $1 18. Kh1 Nf3 $1 19. Qe3 Nxe1 20. Bd2 f5 21. Qxe1 Qh4 22. Kg1 (22. Kg2 $1 $11) 22... f4 $17 23. Nf5 Qxh3 24. Qf1 Bxf5 25. exf5 Qxf5 (25... Qxf1+ 26. Kxf1 Rxf5 27. Kg2 $11) 26. Qg2 c6 27. Rc1 {[%emt 0:00:30] [#]} Qd3 (27... Rae8 $1 $19 {[%cal Re8e2] has better winning chances. Hoping for ...Re2.} 28. Qf3 Re5) 28. f3 (28. Qf1 $142 Qf5 (28... Qxd2 $2 29. Rc2 $18) 29. Qg2) 28... Rae8 $17 29. Bc2 {[%emt 0:00:30] [#]} Qb5 $1 30. Qh2 g6 (30... Qxb2 $2 31. Qxh7+ (31. Bxh7+ Kf7 $18) 31... Kf7 32. Rb1 $18 (32. Bxf4 Qb6+ 33. Kf1 Qb5+ 34. Bd3 Qd5 $16) (32. Bxf4 Qb6+ 33. Kf1 Qb5+ 34. Bd3 Qc5 $18)) ({Black should try} 30... h6 $19 {aiming for ...Re2.} 31. Bb3+ Kh8) 31. Bxf4 d5 (31... Qxb2 $2 32. Bb3+ d5 33. Qxb2 $18) ({Better is} 31... Rf7 $17 {Strongly threatening ...a4.} 32. Qg3 a4 (32... Qxb2 $2 33. Bh6 $19)) 32. Bxg6 $2 (32. Be5 $15 Qb6+ (32... Qxb2 $2 33. Rb1 $18) (32... Rxf3 33. Bxg6 hxg6 34. Qh8+ Kf7 35. Qg7+ Ke6 36. Qxg6+ Kxe5 37. Qxe8+ Kf4 38. Qf7+ Kg3 39. Qg6+ Kh4 40. Qh6+ Kg4 41. Qg6+ Kh4 42. Qh6+ Kg4 43. Qg7+ Kh5 44. Qh8+ Kg4 45. Qg7+ Kh4 46. Qh7+ Kg4 47. Qg7+ $11) 33. Bd4) 32... hxg6 $19 33. Be5 Rxe5 (33... Rxf3 34. Qh8+ Kf7 35. Qh7+ Ke6 36. Qxg6+ Kxe5 (36... Kd7 37. Qd6+ Kc8 38. Qc7#) 37. Qxe8+ Kd6 38. Qd8+ Ke5 (38... Kc5 39. b4+ axb4 40. cxb4+ Kd4 41. Qh4+ Kd3 42. Qh7+ Kd2 43. Qc2+ Ke3 44. Re1+ Kf4 45. Qd2+ Kf5 46. Qh6 $11) 39. Re1+ Kf5 40. Kg2 $11) 34. Qxe5 Qxb2 ({Worse is} 34... Rxf3 35. Kg2 Qxb2+ 36. Kxf3 Qxc1 37. Qe8+ Kg7 38. Qe7+ Kg8 39. Qd8+ Kf7 40. Qd7+ Kf8 (40... Kf6 41. Qd6+ Kf5 42. Qd7+ Kg5 43. Qe7+ Kh5 44. Qe5+ Qg5 45. Qh8+ Qh6 46. Qe5+ g5 47. Qe8+ Qg6 48. Qh8+ Qh6 49. Qe8+ Qg6 50. Qh8+ Qh6 51. Qe8+ $11) 41. Qd8+ Kf7 42. Qd7+ Kf8 (42... Kf6 43. Qd6+ Kf7 44. Qd7+ $11) 43. Qd8+ Kf7 $11) 35. Qg5 Kg7 ({Not} 35... Rxf3 36. Qxg6+ Kf8 37. Qd6+ Kg7 38. Qe5+ Kg6 39. Qe8+ Kg5 40. Qe7+ Kh6 41. Qh4+ Kg6 42. Qg4+ Kh6 43. Qh4+ Kg6 44. Qg4+ Kh7 45. Qh5+ Kg7 46. Qg5+ Kf8 47. Qd8+ Kf7 48. Qd7+ Kf6 49. Qd8+ Kf7 50. Qd7+ Kg6 51. Qg4+ $11) 36. Qe5+ Rf6 37. Qe7+ Rf7 38. Qe5+ Kh7 39. Rd1 Rxf3 40. Qe7+ Kh6 41. Qh4+ Kg7 42. Re1 Qxc3 43. Re8 Qa1+ 44. Kh2 Qxa2+ 45. Kg1 Qa1+ 46. Kh2 Qb2+ 47. Kg1 Qc1+ 48. Re1 Qf4 0-1

[Event "22nd Rochefort Festival Masters 2024"]
[Site "Rochefort"]
[Date "2024.02.20"]
[Round "5.3"]
[White "Droin, Augustin"]
[Black "Mullon, Jean-Baptiste"]
[Result "1-0"]
[ECO "B31"]
[WhiteElo "2471"]
[BlackElo "2305"]
[Annotator "TA"]
[PlyCount "75"]
[EventDate "2024.02.18"]
[EventType "swiss"]
[EventCountry "FRA"]
[SourceTitle "playchess.com"]
[Source "ChessBase"]
[SourceQuality "1"]
[TimeControl "40/5400+30:1800+30"]

1. e4 c5 2. Nf3 Nc6 3. Bb5 g6 4. O-O Bg7 5. c3 d6 6. d4 Bd7 7. dxc5 dxc5 8. Re1 a6 {[%emt 0:00:00] White is slightly better.} 9. Bf1 {[%emt 0:00:00] White is more active.} Nf6 (9... Bg4 $14) 10. e5 $16 Ng4 11. Bf4 h5 12. h3 Nh6 13. Nbd2 Bf5 14. Qe2 Qc8 15. Nc4 {[%emt 0:00:30] Qe3 would now be deadly.} Ra7 16. Qe3 ({Resist} 16. Nb6 Qd8 $18) 16... Nd8 {[%emt 0:00:30] [#]} 17. a4 ({Less strong is} 17. Nb6 Qc6 $16) 17... Ne6 18. Nb6 Qc6 19. a5 Nxf4 20. Qxf4 Be6 21. Ng5 O-O 22. Nxe6 Qxe6 23. Bc4 Qf5 24. Qe3 Kh7 25. Qxc5 f6 {[%emt 0:00:30] [#]} 26. Nd7 $1 Qxd7 27. Qxa7 Qc6 28. Bd3 fxe5 29. Qb6 {[%emt 0:00:30] Qxc6 is the strong threat.} Qxb6 30. axb6 Rf6 31. Rxe5 Rd6 32. Re3 ({Not} 32. Rxh5 Rxd3 33. Rc5 Rd6 $14) 32... Bf6 33. Ra5 Rxb6 $2 (33... h4 34. g4 hxg3 35. Rxg3 Bh4) 34. Rxh5 $18 {[%emt 0:00:30] White is clearly winning.} Kg7 35. Rg3 g5 36. f4 Nf7 37. fxg5 Be5 38. Rf3 {[%emt 0:01:00] Black got outplayed after the opening.   Weighted Error Value: White=0.15 (very precise) /Black=0.37.  Mistake:       	---       	Black=2      Inaccurate:     	White=1     	Black=3      OK:         	White=15    	Black=8      Best:        	White=6     	---} 1-0

[Event "22nd Rochefort Festival Masters 2024"]
[Site "Rochefort"]
[Date "2024.02.20"]
[Round "5.4"]
[White "Roshka, Yevgeniy"]
[Black "Lucas, Arthur"]
[Result "1/2-1/2"]
[ECO "D25"]
[WhiteElo "2474"]
[BlackElo "2332"]
[Annotator "ChessBase"]
[PlyCount "152"]
[EventDate "2024.02.18"]
[EventType "swiss"]
[EventCountry "FRA"]
[SourceTitle "playchess.com"]
[Source "ChessBase"]
[SourceQuality "1"]
[TimeControl "40/5400+30:1800+30"]

1. Nf3 d5 2. d4 Nf6 3. c4 dxc4 4. e3 b5 5. a4 c6 6. axb5 cxb5 7. b3 e6 8. bxc4 bxc4 9. Bxc4 Bd6 10. O-O O-O 11. Nbd2 Bb7 12. Bd3 Nc6 13. Ba3 Nb4 14. Bb1 a5 15. e4 Be7 16. Qb3 Qb6 17. e5 Nfd5 18. Nc4 Qb5 19. Nd6 Bxd6 20. exd6 Nf4 21. Re1 Qh5 22. Re5 Qg4 23. Ne1 Nxg2 24. h3 Qxd4 25. Bb2 Nxe1 26. Bxd4 Nf3+ 27. Qxf3 Bxf3 28. Bb6 Bd5 29. Be4 Ra6 30. Bc7 f6 31. Bxd5 Nxd5 32. Rxd5 exd5 33. d7 Raa8 34. Rxa5 Rad8 35. Rxd5 Kf7 36. Bxd8 Rxd8 37. Kg2 Ke6 38. Rh5 h6 39. Ra5 Rxd7 40. h4 Kf7 41. Kg3 g6 42. f3 h5 43. Ra6 Kg7 44. Ra5 Rd6 45. Ra7+ Kh6 46. Ra8 g5 47. hxg5+ fxg5 48. Rh8+ Kg6 49. Rg8+ Kf5 50. Rf8+ Rf6 51. Ra8 h4+ 52. Kg2 Rd6 53. Rf8+ Ke5 54. Re8+ Re6 55. Rg8 Kf5 56. Rf8+ Rf6 57. Ra8 Kg6 58. Rg8+ Kh6 59. Rh8+ Kg7 60. Ra8 Rd6 61. Kh3 Rd4 62. Ra6 Rf4 63. Kg2 Rf5 64. Rb6 Rf6 65. Rb8 Kg6 66. Rg8+ Kf5 67. Ra8 Rd6 68. Rf8+ Ke5 69. Re8+ Kd4 70. Re4+ Kd5 71. Rg4 Rg6 72. f4 Ke4 73. fxg5+ Kf5 74. Rxh4 Rxg5+ 75. Kf2 Rg4 76. Rxg4 Kxg4 1/2-1/2

[Event "22nd Rochefort Festival Masters 2024"]
[Site "Rochefort"]
[Date "2024.02.20"]
[Round "5.5"]
[White "Larkin, Vladyslav"]
[Black "Mekhane, Adam"]
[Result "1-0"]
[ECO "A21"]
[WhiteElo "2484"]
[BlackElo "2280"]
[Annotator "TA"]
[PlyCount "127"]
[EventDate "2024.02.18"]
[EventType "swiss"]
[EventCountry "FRA"]
[SourceTitle "playchess.com"]
[Source "ChessBase"]
[SourceQuality "1"]
[TimeControl "40/5400+30:1800+30"]

1. c4 e5 2. Nc3 Bb4 3. Qb3 a5 4. Nf3 d6 5. Na4 $146 ({Predecessor:} 5. a3 Bc5 6. e3 Nf6 7. Be2 O-O 8. O-O Re8 9. d4 Ba7 10. Rd1 e4 11. Nd2 {1-0 Kovalenko,I (2674)-Krzyzanowski,M (2512) Titled Tuesday intern op 29th Aug Early blitz 2023 (8)}) 5... Nd7 6. a3 {[%emt 0:00:30] A21: English Opening: 1...e5 2 Nc3.} Bc5 $1 7. Qc2 Ba7 8. b4 axb4 9. axb4 b5 10. cxb5 Bb7 11. Bb2 Nb6 12. e3 (12. Nc5 {with more complications.} Bxf3 13. Na6 Bb7 14. Nxc7+ Ke7 15. Nxa8 Qxa8 16. d4) 12... Nxa4 13. Rxa4 (13. Qxa4 Bxe3 (13... Bd4 14. Qc2 $17) 14. Qb3 Rxa1+ 15. Bxa1 Bb6 $11) 13... Bb6 14. Rxa8 Qxa8 15. Be2 Nf6 16. O-O O-O 17. Ra1 Qc8 18. d4 e4 19. Nd2 Bd5 20. Nc4 Bxc4 21. Qxc4 d5 22. Qc6 h5 23. Bc3 Qf5 24. Be1 g5 25. h3 Kg7 26. Ra8 Rxa8 27. Qxa8 g4 28. hxg4 hxg4 29. Qd8 (29. Qc6 $16) 29... Qg5 (29... g3 $1 $11 {remains equal.}) 30. Qe7 (30. Qc8 $16) 30... Kg6 (30... g3 $1 $11) 31. Bc3 (31. Qf8 $16) 31... Nh7 (31... g3 $11 {keeps the balance.} 32. Qe5 Qxe5 33. dxe5 Ng8) 32. Qe8 $16 Nf6 33. Qe5 Nd7 34. Qg3 Nf6 35. Bd1 Kh6 36. Kf1 Kg6 37. Ke1 Qh5 38. Kd2 Qg5 39. Kc2 Qf5 40. Kd2 Qg5 $1 41. Be2 Kh6 42. Kc2 Kg6 43. Bd2 Kh6 44. Kc1 Kg6 45. Bd1 Kh6 46. Be2 Kg6 $1 47. Kd1 Kh6 48. Ke1 Kg6 49. Bc3 Kh6 50. Kf1 (50. Bd1 {feels hotter.} Kg6 51. Kd2 Kf5 52. Ke2) 50... Kg6 51. Kg1 Kh6 52. Bd1 Kg6 53. Qe5 Nd7 54. Qh8 Nf6 55. Kh2 Nh5 ({Don't go for} 55... g3+ $2 56. Kg1 $18) 56. Qg8+ Ng7 (56... Kf6 $16 57. Qh8+ Ke7) 57. g3 $18 Qf5 58. Kg1 Qd7 59. Qa8 f5 $2 (59... Ne8 $16 {was necessary.} 60. Qc6+ Qxc6 61. bxc6 f5) 60. Bb3 $18 Qxb5 61. Bxd5 ({Much less strong is} 61. Qxd5 Qxd5 62. Bxd5 Ne8 $18) 61... Qd3 $2 (61... Qe8 $18 62. Qa2 Nh5) 62. Qc6+ Kh7 63. Bf7 Qd1+ 64. Kh2 1-0

[Event "22nd Rochefort Festival Masters 2024"]
[Site "Rochefort"]
[Date "2024.02.20"]
[Round "6.1"]
[White "Romanov, Evgeny"]
[Black "Droin, Augustin"]
[Result "1/2-1/2"]
[ECO "A13"]
[WhiteElo "2578"]
[BlackElo "2471"]
[Annotator "TA"]
[PlyCount "79"]
[EventDate "2024.02.18"]
[EventType "swiss"]
[EventCountry "FRA"]
[SourceTitle "playchess.com"]
[Source "ChessBase"]
[SourceQuality "1"]
[TimeControl "40/5400+30:1800+30"]

1. c4 Nf6 2. Nf3 e6 3. g3 d5 4. Bg2 d4 5. d3 Be7 6. O-O O-O 7. e4 Nc6 8. e5 Nd7 9. Qe2 a5 10. h4 Rb8 11. Bf4 Nc5 12. Na3 Nb4 13. Nb5 Nbxd3 14. Bd2 Bd7 (14... Ra8 $1 $11) 15. Nbxd4 ({Don't play} 15. Nfxd4 Bxb5 16. Nxb5 c6 $15) 15... Nxb2 16. Bxa5 Ra8 17. Nb3 Nba4 18. Bd2 Bc6 19. Be3 (19. Bb4 $11) 19... Qd3 $17 20. Qxd3 Nxd3 21. Rfd1 Rfd8 {[%emt 0:01:00] ...Nab2 is the strong threat.} 22. Bd4 Nb4 23. Rd2 Nb6 24. Bxb6 cxb6 25. Rxd8+ Rxd8 ({Don't do} 25... Bxd8 26. Nfd4 $17) 26. Nfd4 Bxg2 27. Kxg2 Rc8 28. Nd2 Ra8 29. a4 Nd3 30. f4 Nc5 31. Kf3 Kf8 ({But not} 31... Nxa4 32. Nb5 $11) (31... Rxa4 $15 32. Rxa4 Nxa4) 32. Ne4 $11 Rxa4 33. Rxa4 Nxa4 {[%emt 0:00:30][%mdl 4096] Endgame. KBN-KNN} 34. Nb5 f6 35. h5 fxe5 36. fxe5 h6 37. Ned6 {[%emt 0:00:30] The position is equal.} Bxd6 38. Nxd6 Nc5 39. g4 Ke7 40. Ke3 {[%emt 0:00:30] Weighted Error Value: White=0.12 (very precise) /Black=0.12 (very precise) .  Mistake:       	White=1     	Black=2      Inaccurate:     	White=4     	Black=4      OK:         	White=15    	Black=9      Best:        	White=2     	Black=3} 1/2-1/2

[Event "22nd Rochefort Festival Masters 2024"]
[Site "Rochefort"]
[Date "2024.02.20"]
[Round "6.2"]
[White "Sivuk, Vitaly"]
[Black "Larkin, Vladyslav"]
[Result "1-0"]
[ECO "A60"]
[WhiteElo "2502"]
[BlackElo "2484"]
[Annotator "TA"]
[PlyCount "91"]
[EventDate "2024.02.18"]
[EventType "swiss"]
[EventCountry "FRA"]
[SourceTitle "playchess.com"]
[Source "ChessBase"]
[SourceQuality "1"]
[TimeControl "40/5400+30:1800+30"]

1. d4 Nf6 2. c4 e6 3. Bg5 c5 4. d5 exd5 5. cxd5 d6 6. Nc3 Be7 7. Nf3 O-O 8. e3 Bg4 9. Be2 Bxf3 10. Bxf3 Nbd7 11. O-O Rb8 12. a4 a6 13. a5 Re8 (13... Ne8 $11 14. Bf4 Bg5) 14. Bf4 Bf8 15. Qc2 Qc7 16. h3 g6 17. Ra4 Ne5 18. Be2 Bg7 19. Bh2 Qe7 20. Rb1 Rbc8 21. Qd2 c4 22. Rb4 Qc7 23. Ra1 Nfd7 24. Ne4 h6 25. Raa4 f5 26. Bxe5 ({White should try} 26. Rxc4 $16 Qb8 (26... Nxc4 $2 {is the wrong capture.} 27. Rxc4 Qxc4 28. Bxc4 $18) 27. Rxc8 Rxc8 28. Bxe5 Bxe5 29. f4) 26... Nxe5 $14 27. Nc3 Nd7 (27... Qe7 $14) 28. Rxc4 $16 Nc5 29. Ra3 Qe7 30. g3 Nd7 31. Raa4 Nc5 32. Rab4 Rc7 33. Qc2 Rec8 34. Kg2 Qf7 35. h4 h5 {[%emt 0:00:30] [#]} (35... Be5 $16 36. Na4 Nxa4 37. Qxa4 g5) 36. Bf3 $1 $18 Nd7 {[%emt 0:00:30] [#]} 37. Ne2 $1 Ne5 38. Rxc7 Rxc7 39. Qb3 Kh7 $2 (39... Nxf3 {is a better defense.} 40. Kxf3 Be5) 40. Nf4 $18 Nd7 41. Rxb7 Nc5 42. Rxc7 Qxc7 43. Qa3 Nb7 44. b4 Qc4 45. Qa4 Nc5 46. Qe8 (46. bxc5 $2 {perishes.} Qxa4 47. c6 Bc3 $19 (47... Qxa5 $2 48. Ne6 $19) (47... Qxa5 $2 48. Ne6 $19)) 1-0

[Event "22nd Rochefort Festival Masters 2024"]
[Site "Rochefort"]
[Date "2024.02.20"]
[Round "6.3"]
[White "Boyer, Mahel"]
[Black "Laurent-Paoli, Pierre"]
[Result "1/2-1/2"]
[ECO "B12"]
[WhiteElo "2428"]
[BlackElo "2529"]
[Annotator "TA"]
[PlyCount "130"]
[EventDate "2024.02.18"]
[EventType "swiss"]
[EventCountry "FRA"]
[SourceTitle "playchess.com"]
[Source "ChessBase"]
[SourceQuality "1"]
[TimeControl "40/5400+30:1800+30"]

1. e4 c6 2. Nf3 d5 3. e5 Bf5 4. Be2 e6 5. d4 c5 6. c3 Nc6 7. O-O Bg4 8. Be3 cxd4 9. cxd4 Nge7 10. Nbd2 Nf5 11. Bb5 Be7 12. Rc1 O-O 13. Bxc6 bxc6 14. Rxc6 Qa5 15. a4 Nxe3 16. fxe3 Bf5 17. b3 Rac8 18. Qc1 Ba3 19. Rxc8 Bxc1 20. Rfxc1 g5 21. R1c5 Qa6 22. Rxf8+ Kxf8 23. Nxg5 (23. Rb5 $142) 23... Qd3 $17 24. Ngf3 Qxe3+ 25. Kh1 Kg7 (25... Bg4 $17 {And now ...Bxf3 would win.} 26. a5 Bxf3 27. Rc8+ Kg7 28. Nxf3 Qxb3) 26. h3 a6 27. Rc6 Qe2 28. Kh2 Be4 29. Kg3 h6 30. Rc7 Qd3 31. Rc6 Qe2 (31... Bg6 $15) 32. Rc3 (32. Rc7 $1 $11) 32... Kf8 33. Rc7 Ke8 34. Rb7 Bg6 35. Ra7 Kd8 36. Rb7 Kc8 37. Re7 Kb8 38. h4 Qe3 39. Rd7 a5 40. Rd8+ Kc7 41. Ra8 Qc3 42. Rh8 h5 43. Kf4 $1 Qb4 44. g4 hxg4 45. Kxg4 Qe7 46. h5 (46. Kg3 $11) 46... Bf5+ (46... f5+ $1 $15 47. exf6 Qxf6) 47. Kg3 $1 $11 f6 48. exf6 (48. h6 $11) 48... Qxf6 $15 49. Rg8 Bh7 50. Rg4 Bc2 ({Better is} 50... Qh6 $15 51. Rg5 Bc2) 51. Ne5 $11 Qh6 52. Ndf3 Bd1 53. Rg5 Kb7 54. Ng4 Qf8 55. Nfe5 Qf1 (55... Bxb3 56. h6 Qa3 (56... Bxa4 57. h7 $16) 57. Rg7+ Kc8 58. Kh4 $18) 56. Rg7+ Ka6 57. h6 Qe1+ 58. Kg2 Bc2 59. Nf2 Be4+ 60. Nxe4 dxe4 (60... Qxe4+ $2 {loses.} 61. Nf3 Qc2+ 62. Kg3 $18) 61. h7 Qd2+ 62. Kg3 Qe3+ 63. Kg2 Qd2+ 64. Kg3 Qe3+ 65. Kg2 Qd2+ 1/2-1/2

[Event "22nd Rochefort Festival Masters 2024"]
[Site "Rochefort"]
[Date "2024.02.20"]
[Round "6.4"]
[White "Dalaud, Dorian"]
[Black "Roshka, Yevgeniy"]
[Result "1/2-1/2"]
[ECO "B06"]
[WhiteElo "2329"]
[BlackElo "2474"]
[Annotator "TA"]
[PlyCount "102"]
[EventDate "2024.02.18"]
[EventType "swiss"]
[EventCountry "FRA"]
[SourceTitle "playchess.com"]
[Source "ChessBase"]
[SourceQuality "1"]
[TimeControl "40/5400+30:1800+30"]

1. e4 g6 2. d4 Bg7 3. Nc3 d6 4. Be3 a6 5. h4 h6 6. h5 g5 7. f4 gxf4 8. Bxf4 Nd7 9. Nf3 c5 10. d5 b5 11. Qd2 Ngf6 12. Qe2 Ng4 13. Nd1 Qa5+ 14. Qd2 (14. c3 $15) 14... Qa4 $17 15. Qe2 (15. c4 $142) 15... Nde5 (15... f5 $142 16. Nh4 Nde5 (16... Qxe4 17. Bxd6 Qxe2+ 18. Bxe2 $17)) 16. c3 f5 17. Nxe5 Nxe5 (17... dxe5 18. b3 Qxe4 19. Qxe4 fxe4 20. Bd2 $11) 18. Nf2 Rf8 19. b3 (19. g3 $17) 19... Qa5 (19... Qa3 $19 {White must now prevent ...fxe4.} 20. Qd2 fxe4) 20. Bd2 $2 (20. Rc1 $17 {is a better defense.}) 20... c4 $19 21. b4 Qa3 22. Qe3 (22. exf5 {keeps fighting.} Bxf5 (22... Qb2 $2 23. Rd1 $19) 23. Qe3) 22... f4 23. Qb6 Nd7 $2 (23... Qb2 24. Rc1 $19) (23... a5 $19 24. bxa5 Bd7 (24... Rxa5 $2 25. Be2 $19) (24... Qxa5 $2 25. Qxa5 Rxa5 26. a3 $19)) 24. Qa5 $17 Qxa5 $1 25. bxa5 Nc5 26. Be2 e6 27. O-O-O Na4 28. dxe6 Bxc3 29. Bg4 (29. Kc2 $17 Bxd2 30. Rxd2 Bxe6 (30... Ke7 31. Ng4 $11) 31. Ng4) 29... Ke7 $1 $19 30. Nh3 Bxd2+ 31. Rxd2 Nc5 $2 (31... Bxe6 $19 32. Bxe6 Kxe6) 32. Rf1 $15 Bxe6 (32... Nxe4 $2 {perishes.} 33. Nxf4 Ke8 (33... Rxf4 $2 34. Rxf4 Ng5 35. Rfd4 $18) 34. Rdd1 $18) 33. Nxf4 $1 Kd7 34. Bxe6+ Nxe6 35. g3 {[%emt 0:01:30] [#]} Nc5 $1 36. Re1 Kc6 $1 37. e5 dxe5 38. Rxe5 $2 (38. Ng6 $11 {and White is okay.}) 38... Rae8 $19 39. Rxe8 Rxe8 40. Kc2 {[%emt 0:02:00] [#]} (40. Re2 $142 Re4 41. Kd1) 40... Re3 $2 (40... b4 $1 $19 {And now ...Re3 would win.} 41. Rd4 Kb5) 41. Nd5 $11 Rxg3 (41... Ra3 $5 42. Nb4+ $8 Kc7 $11) 42. Nb4+ Kb7 43. Rd6 Rg2+ 44. Kc1 Nd3+ 45. Nxd3 cxd3 46. a3 Rc2+ 47. Kd1 Rc6 48. Rd7+ Rc7 49. Rd6 Rc6 50. Rd7+ Rc7 51. Rd6 Rc6 1/2-1/2

[Event "22nd Rochefort Festival Masters 2024"]
[Site "Rochefort"]
[Date "2024.02.20"]
[Round "6.5"]
[White "Colin, Vincent"]
[Black "Terrieux, Kevin"]
[Result "1/2-1/2"]
[ECO "B33"]
[WhiteElo "2311"]
[BlackElo "2432"]
[Annotator "TA"]
[PlyCount "92"]
[EventDate "2024.02.18"]
[EventType "swiss"]
[EventCountry "FRA"]
[SourceTitle "playchess.com"]
[Source "ChessBase"]
[SourceQuality "1"]
[TimeControl "40/5400+30:1800+30"]

1. e4 c5 2. Nf3 Nc6 3. d4 cxd4 4. Nxd4 Qb6 5. Nb3 Nf6 6. Nc3 e6 7. g4 {[%emt 0:01:30] [#]} ({Better is} 7. Be3 $14 Qc7 8. a3) 7... d5 $1 8. Be3 $14 Qd8 9. g5 {[%emt 0:00:00] White is slightly better.} Nxe4 10. Nxe4 dxe4 11. Qxd8+ Kxd8 12. O-O-O+ Kc7 13. Bg2 $36 {[%emt 0:00:00][%mdl 2048] White fights for an advantage.} e5 {[%emt 0:00:00] Against Nd4} 14. Bxe4 f5 (14... h6 $11) 15. gxf6 (15. Bxc6 {simplifies} bxc6 16. Bd2 Rb8 17. Ba5+) 15... gxf6 16. Rhg1 Be6 (16... b6 $14) 17. Nc5 $16 {[%emt 0:00:00] White has more active pieces.} Bxc5 18. Bxc5 Rag8 {[%emt 0:00:30] Wards off Rg7+} 19. Bxc6 {[%emt 0:00:00] This pair of bishops is nice.} ({White should play} 19. Rg3 $16) 19... Rxg1 $11 20. Rxg1 Kxc6 $16 {[%emt 0:00:00][%mdl 4096] Endgame. KRB-KRB} 21. Be7 f5 22. Bf6 Rg8 23. Rxg8 Bxg8 24. Bxe5 $11 {[%emt 0:00:00] KB-KB} Kd5 25. Bb8 a6 26. f3 Kc5 (26... Kd4 $11) 27. Ba7+ $14 b6 28. Kd2 Kc6 {[%emt 0:00:30][%cal Oc6b7] And now ...Kb7! would win.} 29. Bb8 $1 b5 30. a3 a5 31. Ke3 Bd5 32. Kf4 h5 33. b3 ({But not} 33. Kxf5 Bxf3 34. Bg3 Bd1 $11) 33... a4 34. bxa4 ({Much worse is} 34. Kxf5 $6 Bxf3 35. bxa4 bxa4 $11) 34... bxa4 35. c4 {[%emt 0:00:00] White is better.} ({Reject} 35. Kxf5 $6 Bxf3 36. Kg5 Bd1 $11) 35... Bxc4 36. Kxf5 Kd7 37. Bg3 Ke8 38. Kg6 Bf7+ 39. Kg7 Bd5 40. f4 Be6 41. Bh4 Bf7 42. f5 Bc4 43. Be1 Bf7 44. Bb4 Bc4 45. Kg6 Bf7+ 46. Kg5 Kd7 {[%emt 0:00:30] Weighted Error Value: White=0.13 (very precise) /Black=0.13 (very precise) .  Mistake:       	White=1     	Black=4      Inaccurate:     	White=2     	Black=1      OK:         	White=17    	Black=18     Best:        	White=2     	---        Strong:       	White=1     	---} 1/2-1/2

[Event "22nd Rochefort Festival Masters 2024"]
[Site "Rochefort"]
[Date "2024.02.21"]
[Round "7.1"]
[White "Droin, Augustin"]
[Black "Sivuk, Vitaly"]
[Result "1/2-1/2"]
[ECO "C88"]
[WhiteElo "2471"]
[BlackElo "2502"]
[Annotator "TA"]
[PlyCount "113"]
[EventDate "2024.02.18"]
[EventType "swiss"]
[EventCountry "FRA"]
[SourceTitle "playchess.com"]
[Source "ChessBase"]
[SourceQuality "1"]
[TimeControl "40/5400+30:1800+30"]

1. e4 e5 2. Nf3 Nc6 3. Bb5 a6 4. Ba4 Nf6 5. O-O Be7 6. Re1 b5 7. Bb3 O-O 8. a4 Bb7 9. d3 d6 10. Bd2 Qd7 11. Nc3 Na5 12. Ba2 b4 13. Ne2 c5 14. Ng3 Rab8 15. h3 Bc6 16. Bc4 (16. Nf5 $11) 16... Nxc4 $15 17. dxc4 Ne8 18. b3 g6 19. Bh6 Ng7 20. Qd3 f5 21. Rad1 Rbd8 (21... f4 $15 22. Nf1 Qb7) 22. c3 ({White should play} 22. Nxf5 $11 gxf5 23. Nxe5) 22... f4 23. Nf1 Qb7 24. cxb4 Qxb4 25. g3 fxg3 26. fxg3 Rf7 27. Bxg7 Kxg7 28. N1d2 Rdf8 29. Rf1 Qb7 30. Kg2 h5 31. h4 Qc8 32. Nh2 Qe6 (32... Bf6 {simplifies} 33. Rf2 Kg8 34. Ndf3 Qd7) 33. Rxf7+ Rxf7 34. Rf1 Rxf1 35. Nhxf1 Bd7 36. Nf3 Qh3+ 37. Kg1 Bc6 38. Kf2 Qg4 39. N3d2 Qh3 40. Qf3 Bd8 41. Qd3 Be7 42. Nf3 Qg4 43. N1d2 Kf7 44. Kg2 Ke8 45. Nh2 Qe6 46. Qf3 Qf7 47. Qe3 Qf5 48. Kg1 Qh3 {[%emt 0:01:00] Strongly threatening ...Bxh4.} 49. Qf3 g5 50. Qxh5+ Kd8 51. Nhf1 gxh4 52. Qh8+ Kd7 53. Qh5 {[%emt 0:00:30] Inhibits Qg4.} Kc7 54. Qh7 Kd8 55. Qg8+ Kc7 56. Qh7 Kd8 57. Qg8+ {[%emt 0:00:00] Weighted Error Value: White=0.08 (flawless) /Black=0.09 (flawless) .  Mistake:       	White=2     	Black=1      Inaccurate:     	White=2     	Black=3      OK:         	White=27    	Black=7      Best:        	---       	Black=3} 1/2-1/2

[Event "22nd Rochefort Festival Masters 2024"]
[Site "Rochefort"]
[Date "2024.02.21"]
[Round "7.2"]
[White "Eugene, Floryan"]
[Black "Romanov, Evgeny"]
[Result "1/2-1/2"]
[ECO "C16"]
[WhiteElo "2398"]
[BlackElo "2578"]
[Annotator "TA"]
[PlyCount "105"]
[EventDate "2024.02.18"]
[EventType "swiss"]
[EventCountry "FRA"]
[SourceTitle "playchess.com"]
[Source "ChessBase"]
[SourceQuality "1"]
[TimeControl "40/5400+30:1800+30"]

1. e4 e6 2. d4 d5 3. Nc3 Bb4 4. e5 b6 5. h4 Qd7 6. h5 {[%emt 0:00:00] C16: French: 3 Nc3 Bb4 4 e5: Lines without ...c5.} h6 7. Qg4 Bf8 8. Be3 Ne7 9. O-O-O a5 $146 ({Predecessor:} 9... c6 10. f4 a5 11. Kb1 a4 12. Qf3 a3 13. b3 b5 14. g4 b4 15. Na4 Qa7 {1-0 Becker,M (2173)-Vogel,J (2196) OSKA op-A Netherlands 2003 (5)}) 10. f4 Ba6 11. Qf3 b5 12. g4 b4 13. Nce2 a4 (13... Qa4 $2 14. Kb1 $18) 14. b3 (14. Kb1 $1 $11) 14... c5 $15 15. Kd2 Nec6 16. Ke1 cxd4 17. Nxd4 Nxd4 18. Bxd4 Nc6 19. Be3 Be7 20. Bxa6 Rxa6 21. Qe2 $1 Ra5 22. Nf3 f6 23. Bb6 Ra8 24. g5 (24. exf6 $11 {remains equal.} Bxf6 25. Bc5) 24... hxg5 (24... fxg5 $17 {Hoping for ...Qb7.} 25. fxg5 hxg5) 25. h6 $1 $11 g4 (25... axb3 {feels hotter.} 26. axb3 fxe5 27. hxg7 Rxh1+ 28. Kf2 Rh2+) 26. Ng1 $1 Bf8 27. exf6 gxf6 28. Qxg4 axb3 (28... Bxh6 $2 29. Rxh6 (29. Qg6+ Qf7 $18) 29... Rf8 30. Bc5 $18) 29. axb3 e5 30. Qf3 e4 (30... Bxh6 31. Rxd5 Qe6 (31... Ra1+ $2 32. Kf2 $18) 32. f5 $16) (30... Rh7 {keeps more tension.} 31. Rxd5 Ra1+ 32. Ke2 Qf5) 31. Qh5+ Qf7 32. Qxd5 Qxd5 ({Inferior is} 32... Rxh6 33. Qxc6+ Ke7 34. Qd7#) 33. Rxd5 Ra1+ (33... Bxh6 $2 34. Rdh5 Ra1+ 35. Kf2 $18 (35. Ke2 Rg8 $14)) 34. Ke2 Rxh6 (34... Bxh6 $2 {too greedy.} 35. Rd6 $18) 35. Rxh6 Bxh6 36. Rd6 Ne7 37. Rxf6 Bg7 38. Re6 Kf7 $1 39. Rxe4 Nd5 40. Bd4 Bxd4 41. Rxd4 Nc3+ 42. Kd3 Rxg1 43. Rxb4 Rg3+ 44. Kd4 Ne2+ 45. Ke5 Rc3 46. Rc4 Rxc4 47. bxc4 Ke7 48. c5 Ng1 49. c6 Nf3+ 50. Kd5 Nh4 51. c3 (51. Kc5 $5 Kd8 $8 52. Kd6 $11) 51... Kd8 52. Kd6 Kc8 53. c7 1/2-1/2